 Dungeon Crawl Stone Soup version 0.30-a0-54-g2e61a25929 (webtiles) character file.

Game seed: 1404927242079955560

5 MrFrogsmire the Magician (level 1, 0/10 HPs)
             Began as a Tengu Hedge Wizard on Sept 8, 2022.
             Slain by an orc
             ... wielding a +0 whip
              (1 damage)
             ... on level 3 of the Dungeon.
             The game lasted 00:00:37 (55 turns).

MrFrogsmire the Magician (Tengu Hedge Wizard)         Turns: 55, Time: 00:00:37

Health: 0/10       AC:  2    Str: 10    XL:     1   Next: 80%
Magic:  0/5        EV: 12    Int: 14    God:
Gold:   0          SH:  0    Dex: 13    Spells: 5/6 levels left

rFire   . . .      SeeInvis .    a - +0 dagger
rCold   . . .      Faith    .    (no shield)
rNeg    . . .      Spirit   .    b - +0 robe
rPois   .          Reflect  .    c - +0 hat
rElec   .          Harm     .    (no cloak)
rCorr   .          Rampage  .    (no gloves)
Will    .....                    (boots unavailable)
Stlth   ++........               (no amulet)
HPRegen 0.03/turn                (no ring)
MPRegen 0.09/turn                (no ring)

@: very slightly contaminated
A: beak, talons 3
a: no special abilities


You were on level 3 of the Dungeon.
You visited 1 branch of the dungeon, and saw 3 of its levels.

Inventory:

Hand Weapons
 a - a +0 dagger (weapon)
Armour
 b - a +0 robe (worn)
 c - a +0 hat (worn)
Potions
 d - a potion of magic


   Skills:
 + Level 2.4 Dodging
 + Level 2.0 Stealth
 + Level 3.2 Spellcasting
 + Level 1.3 Conjurations
 + Level 1.2 Summonings
 + Level 0.7 Translocations


You had 5 spell levels left.
You knew the following spells:

 Your Spells              Type           Power      Damage    Failure   Level
a - Magic Dart            Conj           24%        1d4       12%         1

Your spell library contained the following spells:

 Spells                   Type           Power      Damage    Failure   Level
 Call Imp                 Summ           5%         N/A       19%         2
 Slow                     Hex            8%         N/A       22%         1
 Blink                    Tloc           8%         N/A       24%         2
 Conjure Flame            Conj/Fire      4%         6-21      43%         3
 Mephitic Cloud           Conj/Pois/Air  3%         N/A       45%         3


Dungeon Overview and Level Annotations

Branches:
Dungeon (3/15)

Altars:


Innate Abilities, Weirdness & Mutations

You have a beak for a mouth.
You have claws for feet.


Message History

Found a stone staircase leading down.
Found 10 gold pieces.
There is a stone staircase leading down here.
You climb downwards.
There is a stone staircase leading up here.
The magic dart hits the kobold.
The kobold is heavily wounded.
The kobold hits you with a +0 short sword.
The magic dart hits the kobold.
You kill the kobold!
You are out of magic!
You are out of magic!
Things that are here:
a +0 short sword; 4 stones
There is a stone staircase leading up here.
An orc comes into view. It is wielding a +0 whip.
The orc shouts!
You hear a shout! x3
You are out of magic!
You are out of magic!
There is a stone staircase leading up here.
You miscast Magic Dart.
You are very lightly contaminated with residual magic.
Nothing appears to happen.
You hit the orc but do no damage. You claw the orc.
The orc is severely wounded.
The orc closely misses you.
You closely miss the orc. Your kick misses the orc.
You peck the orc, but do no damage.
The orc is heavily wounded.
The orc hits you with a +0 whip.
Ouch! That really hurt!
* * * LOW HITPOINT WARNING * * *
You barely miss the orc. Your kick misses the orc.
The orc is heavily wounded.
The orc hits you with a +0 whip.
* * * LOW HITPOINT WARNING * * *
You hit the orc but do no damage. Your peck misses the orc.
The orc is heavily wounded.
The orc hits you with a +0 whip.
You die...

#
.###
..#
...
#.#
#.#
#)#
#<#
#@#
#o#
#.#
#.#
#.#
#.#
#.#
#..
#..


You could see an orc.

Vanquished Creatures
  2 jackals (D:2)
  A kobold (D:3)
  A goblin (D:1)
  A rat (D:1)
5 creatures vanquished.

Notes
Turn   | Place    | Note
-------+----------+-------------------------------------------
     0 | D:1      | MrFrogsmire the Tengu Hedge Wizard began the quest for the
                  | Orb.
     0 | D:1      | Reached XP level 1. HP: 10/10 MP: 5/5
    55 | D:3      | Slain by an orc

Illustrated notes

Levels and vault maps discovered:
D:1:      dpeg_arrival_shrine, layout_basic, hangedman_decor_push, minivault_19,
          dk_noncrumbling_2, kennysheep_decorative_pillar, kennysheep_doodads
D:2:      layout_basic, hellmonk_ecumenical_altar_watching_god,
          chequers_serial_rivers_marsh, minivault_26
D:3:      layout_loops_ring, minmay_misc_feat_columns, minmay_fractal_squares_5,
          uniq_robin

Action                   || total
-------------------------++-------
Melee: Dagger            ||     7
       Peck              ||     2
       Kick              ||     1
 Cast: Magic Dart        ||     8
Armor: Robe              ||     1
Dodge: Dodged            ||     3

Table legend: (Time is in decaauts)
 A = Elapsed time spent in this place.
 B = Non-inter-level travel time spent in this place.
 C = Inter-level travel time spent in this place.
 D = Time resting spent in this place.
 E = Time spent auto-exploring this place.
 F = Levels seen in this place.
 G = Mean time per level.
                   A        B        C        D        E       F      G
               +--------+--------+--------+--------+--------+-----+--------+
         Total |     55 |     30 |     25 |      0 |      0 |   3 |   18.3 |
       Dungeon |     55 |     30 |     25 |      0 |      0 |   3 |   18.3 |
               +--------+--------+--------+--------+--------+-----+--------+

Top non-repeatable levels by time:
     D:2: 19 daAuts
     D:1: 19 daAuts
     D:3: 15 daAuts
